Cogmind - Beta 13 @@@ ROGUE MODE // 2024.04.17 @ 21:55:28 Player: Essnato Result: Destroyed by 8R-AWN with 8R-AWN's Boregun Performance ------------- Evolutions (0) 0 Regions Visited (3) 600 Robots Destroyed (19) 95 Value Destroyed (415) 415 Prototype IDs (1) 20 Alien Tech Used (0) 0 Bonus (300) 300 TOTAL SCORE: 1430 Bonus ------- Aligned with FarCom 300 Cogmind --------- Core Integrity 0/250 Matter 291/300 Energy 100/100 System Corruption 4% Temperature Cool (0) Movement Core (350) Ox6 Location -10/Exiles Parts ------- > --- POWER (1) -------- (None) > --- PROPULSION (2) --- (None) > --- UTILITY (2) ------ Large Storage Unit > --- WEAPON (2) ------- (None) > --- INVENTORY (15) --- Ion Engine Light Ion Engine High-capacity Storage Unit Lightpack 2.0 High-capacity Matter Pod (155) Structural Scanner Signal Interpreter Improved Terrain Scanner Core Shielding YOLO Cannon Longsword +1 Peak State ------------ > --- POWER ------------ Light Nuclear Core > --- PROPULSION ------- Light Treads Light Treads > --- UTILITY ---------- Large Storage Unit Light Armor Plating > --- WEAPON ----------- Light Assault Rifle Longsword +1 > --- INVENTORY -------- Ion Engine Light Ion Engine High-capacity Storage Unit Lightpack 2.0 High-capacity Matter Pod Structural Scanner Signal Interpreter Improved Terrain Scanner Core Shielding Light Armor Plating YOLO Cannon Light Assault Rifle [Rating: 22] Favorites ----------- Power Light Nuclear Core Engine Ion Engine Power Core Light Nuclear Core Propulsion Light Treads Treads Light Treads Wheel Wheel Utility Large Storage Unit Device Structural Scanner Storage Large Storage Unit Protection Light Armor Plating Weapon Light Assault Rifle Energy Gun EM Pulse Gun Ballistic Gun Light Assault Rifle Impact Weapon Hammer Slashing Weapon Longsword +1 Build | -11 -10 -10 -10 ------- Run | Yrd Mat Min Exi Slots Evolved . | . . . . Power . | . . . . Propulsion . | . . . . Utility . | . . . . Weapon . | . . . . Parts Attached 24 | 6 5 10 3 Power 5 | 1 . 4 . Engine 3 | 1 . 2 . Core 2 | . . 2 . Reactor . | . . . . Propulsion 7 | 2 3 2 . Treads 5 | . 3 2 . Leg . | . . . . Wheel 2 | 2 . . . Hover . | . . . . Flight . | . . . . Utility 5 | 1 2 1 1 Device 1 | . 1 . . Storage 2 | 1 1 . . Processor . | . . . . Hackware . | . . . . Protection 2 | . . 1 1 Artifact . | . . . . Weapon 7 | 2 . 3 2 Energy Gun 2 | 2 . . . Energy Cannon . | . . . . Ballistic Gun 3 | . . 2 1 Ballistic Cannon . | . . . . Launcher . | . . . . Special Weapon . | . . . . Impact Weapon 1 | . . 1 . Slashing Weapon 1 | . . . 1 Piercing Weapon . | . . . . Special Melee Weapon . | . . . . Unidentified Prototypes 1 | . . . 1 Corrupted Parts 1 | . . 1 . System Corruption 3 | . . 3 . Parts Lost 13 | . 2 4 7 Power 3 | . 1 1 1 Propulsion 4 | . . 2 2 Utility 2 | . . . 2 Weapon 4 | . 1 1 2 Highest Loss Streak 7 | . 2 2 7 To Critical Strikes 2 | . . . 2 Average Slot Usage (%) 95 | . 95 90 98 Engine 5 | . 14 7 . Core 7 | . . 6 13 Treads 22 | . 13 27 27 Wheel 4 | . 14 . . Device 3 | . 9 . . Storage 14 | . 14 14 14 Protection 9 | . . 14 13 Energy Gun 9 | . 27 3 . Ballistic Gun 15 | . . 9 27 Naked Turns . | . . . . Heaviest Build 31 | 14 30 31 30 Greatest Support 40 | 20 40 40 40 Greatest Overweight (x) 6 | . . . 6 Average Overweight (x) . | . . . . Largest Inventory Capacity 15 | 8 15 15 15 Average Capacity 12 | 7 10 15 15 Most Carried 15 | 2 9 9 15 Average Carried 7 | 1 5 8 10 Final Capacity 15 | 8 15 15 15 Final Carried 14 | 2 9 9 14 Class Distribution -------------------- 100% | Mutant Dominant Class ---------------- Mutant | -10/Materials Mutant | -10/Mines Mutant | -10/Exiles Resources | -11 -10 -10 -10 ----------- Run | Yrd Mat Min Exi Matter Collected 420 | 260 30 85 45 Remotely . | . . . . Salvage Created 677 | 179 218 280 . Parts 37 | 8 16 13 . Haulers Intercepted . | . . . . Recyclers Shooed 1 | 1 . . . Parts Field Recycled . | . . . . Retrieved Matter . | . . . . Parts Self-Destructed . | . . . . Prevented . | . . . . Kills | -11 -10 -10 -10 ------- Run | Yrd Mat Min Exi Combat Hostiles Destroyed 10 | . 3 7 . Melee 2 | . . 2 . Guns 2 | . 1 1 . AOE 3 | . 1 2 . Classes Destroyed 7 | 2 4 1 . Worker 1 | . 1 . . Builder 1 | . 1 . . Tunneler 3 | 3 . . . Recycler 2 | 1 . 1 . Watcher 2 | . 2 . . Swarmer 3 | . . 3 . Grunt 7 | . 3 4 . Best Kill Streak 4 | 3 4 4 . Combat Bots Only 3 | . 2 3 . Max Kills in Single Turn 3 | 1 3 2 . Gunslinging . | . . . . Exploded 2 | . 1 2 . Melee 1 | . . 1 . Uniques/NPCs Destroyed . | . . . . Combat | -11 -10 -10 -10 -------- Run | Yrd Mat Min Exi Hostile Shots Fired 122 | . 23 38 61 Missed 26 | . 5 7 14 Damage Taken 1792 | . 420 479 893 Core 271 | . 25 45 201 Absorbed by Shields . | . . . . Core Remaining (%) 100 | 100 . . . Volleys Fired 41 | 12 13 16 . Largest 2 | 2 2 1 . Hottest 80 | 80 80 40 . Shots Fired 68 | 24 26 16 2 Gun 68 | 24 26 16 2 Cannon . | . . . . Launcher . | . . . . Special . | . . . . Kinetic 2 | . . . 2 Thermal . | . . . . Explosive . | . . . . Electromagnetic 66 | 24 26 16 . Robot Hit Streak 10 | 5 10 5 . Robot Miss Streak 6 | 2 3 5 6 Penetration Max . | . . . . Secondary Targets . | . . . . Shots Hit Robots 51 | 16 16 19 . Core Hits 22 | 5 8 9 . Critical Kills . | . . . . Critical Parts Destroyed 1 | . . 1 . Critical Strikes 1 | . . 1 . Smash 1 | . . 1 . Melee Attacks 14 | . . 14 . Impact 14 | . . 14 . Slashing . | . . . . Piercing . | . . . . Sneak Attacks 2 | . . 2 . Combat Hostiles . | . . . . Follow-up Attacks . | . . . . Damage Inflicted 1181 | 201 440 540 . Guns 540 | 201 226 113 . Cannons . | . . . . Explosions 341 | . 214 127 . Melee 300 | . . 300 . Ramming . | . . . . Kinetic . | . . . . Thermal 248 | . 121 127 . Explosive 93 | . 93 . . Electromagnetic 540 | 201 226 113 . Impact 300 | . . 300 . Slashing . | . . . . Piercing . | . . . . Highest Corruption 4 | . . 3 4 Average Corruption 3 | . . 3 3 Corruption Purged . | . . . . Corruption Blocked . | . . . . Effects 18 | . . . 18 Message Errors 7 | . . . 7 Matter Fused 5 | . . . 5 Energy Discharges 1 | . . . 1 Data Loss (minor) 2 | . . . 2 Misfires 2 | . . . 2 Alerts 1 | . . . 1 Overload Shots . | . . . . Overflow Damage 94 | . 3 91 . Projectiles . | . . . . Explosions 3 | . 3 . . Melee 91 | . . 91 . Knockbacks 2 | . . 2 . Impact 2 | . . 2 . Kinetic . | . . . . Secondary . | . . . . Self-Inflicted Damage 279 | . 184 95 . Shots 6 | . 3 3 . Rammed . | . . . . Targets Rammed . | . . . . Kicked . | . . . . Crushed . | . . . . Highest Temperature 216 | 36 180 216 7 Average Temperature 61 | 19 60 99 6 Received Heat Transfer 303 | . 111 192 . Siege Activations . | . . . . Robots Corrupted 2 | . 1 1 . Combat Hostiles 2 | . 1 1 . Parts Fried 6 | 2 . 4 . Impact Corruptions 5 | . . 5 . Robots Melted . | . . . . Combat Hostiles . | . . . . Parts Melted . | . . . . Heat Transferred 250 | . 100 150 . Parts Sabotaged . | . . . . Parts Stolen . | . . . . Parts Stripped . | . . . . Power Chain Reactions 3 | . 2 1 . Alert | -11 -10 -10 -10 ------- Run | Yrd Mat Min Exi Peak Influence 197 | 20 167 197 . Initial 13 | . 13 . . Average 82 | 8 63 157 . Maximum Alert Level . | . . . . Low Security (%) 100 | 100 100 100 . Level 1 . | . . . . Level 2 . | . . . . Level 3 . | . . . . Level 4 . | . . . . Level 5 . | . . . . High Security . | . . . . Max Security . | . . . . Squads Dispatched 2 | . 2 . . Investigation 1 | . 1 . . Extermination . | . . . . Reinforcement 1 | . 1 . . Assault . | . . . . Garrison . | . . . . Intercept . | . . . . Searches Triggered . | . . . . Construction Impeded . | . . . . Haulers Reinforced . | . . . . Active Scanning Responses . | . . . . Cargo Convoy Interrupts . | . . . . Stealth | -11 -10 -10 -10 --------- Run | Yrd Mat Min Exi Distress Signals . | . . . . Communications Jammed . | . . . . Distress Signals . | . . . . Times Spotted 25 | . 10 7 8 Peak Tracking Total 9 | . 2 3 9 Tactical Retreats . | . . . . Traps | -11 -10 -10 -10 ------- Run | Yrd Mat Min Exi Traps Triggered 3 | . 3 . . Indirectly . | . . . . Trap Hack Attempts . | . . . . Triggered . | . . . . Disarmed . | . . . . Reprogrammed . | . . . . Reused . | . . . . Traps Extracted . | . . . . Installed . | . . . . Triggered . | . . . . Machines | -11 -10 -10 -10 ---------- Run | Yrd Mat Min Exi Machines Disabled 5 | . 2 3 . Max in Single Turn 3 | . 1 3 . Machines Repaired . | . . . . Machines Dismantled . | . . . . Machines Sabotaged . | . . . . Overloaded Fab Kills . | . . . . Hacking | -11 -10 -10 -10 --------- Run | Yrd Mat Min Exi Machines Accessed 5 | . 5 . . Terminals 4 | . 4 . . Fabricators . | . . . . Repair Stations . | . . . . Recycling Units 1 | . 1 . . Scanalyzers . | . . . . Garrison Access . | . . . . Total Hacks 10 | . 10 . . Successful 3 | . 3 . . Failed 7 | . 7 . . Catastrophic 2 | . 2 . . Database Lockouts . | . . . . Manual 2 | . 1 . 1 Terminals 8 | . 8 . . Fabricators . | . . . . Repair Stations . | . . . . Recycling Units 2 | . 2 . . Scanalyzers . | . . . . Garrison Access . | . . . . Terminal Hacks 2 | . 2 . . Alert Level 1 | . 1 . . Hauler Manifests 1 | . 1 . . Fabricator Hacks . | . . . . Repair Station Hacks . | . . . . Recycling Unit Hacks 1 | . 1 . . Report Inventory 1 | . 1 . . Scanalyzer . | . . . . Garrison Access Hacks . | . . . . Unauthorized Hacks . | . . . . Terminals . | . . . . Fabricators . | . . . . Repair Stations . | . . . . Recycling Units . | . . . . Scanalyzers . | . . . . Garrison Access . | . . . . Data Cores Recovered . | . . . . Used . | . . . . Hacking Detections 4 | . 4 . . Full Trace Events . | . . . . Feedback Events . | . . . . Feedback Blocked . | . . . . Robot Schematics Acquired . | . . . . Robots Built . | . . . . Authchips . | . . . . Time . | . . . . Total Robot Build Rating . | . . . . Part Schematics Acquired . | . . . . Parts Built . | . . . . Authchips . | . . . . Time . | . . . . Total Part Build Rating . | . . . . Parts Repaired . | . . . . Time . | . . . . Parts Recycled . | . . . . Recycled Matter . | . . . . Retrieved Matter . | . . . . Retrieved Components . | . . . . Parts Scanalyzed . | . . . . Part Schematics Acquired . | . . . . Parts Damaged . | . . . . Bothacking | -11 -10 -10 -10 ------------ Run | Yrd Mat Min Exi Used RIF Installer . | . . . . Robots Hacked . | . . . . Non-combat . | . . . . Combat . | . . . . Robot Hacks Applied . | . . . . Relay Couplers Released . | . . . . Fabnet Peak Effective % . | . . . . Robots Rewired . | . . . . Allies Hacked . | . . . . Hacks Repelled . | . . . . Allies | -11 -10 -10 -10 -------- Run | Yrd Mat Min Exi Total Allies . | . . . . Largest Group . | . . . . Highest-Rated Group . | . . . . Highest-Rated Ally . | . . . . Total Orders . | . . . . Ally Attacks . | . . . . Total Damage . | . . . . Kills . | . . . . Allies Corrupted . | . . . . Allies Melted . | . . . . Intel | -11 -10 -10 -10 ------- Run | Yrd Mat Min Exi Robot Analysis Total . | . . . . Derelict Logs Recovered . | . . . . Drone Launches . | . . . . Drone Recoveries . | . . . . Exploration | -11 -10 -10 -10 ------------- Run | Yrd Mat Min Exi Turns Passed 1575 | 131 480 247 717 Spaces Moved 1033 | 106 386 99 442 Core 3 | 1 . . 2 Treads 650 | . 111 99 440 Legs . | . . . . Wheels 380 | 105 275 . . Hover . | . . . . Flight . | . . . . Fastest Speed 50 | 50 80 160 160 Average Speed 130 | 79 103 160 160 Slowest Speed 350 | 80 160 160 350 Overloaded Moves . | . . . . Propulsion Burnouts . | . . . . Robots Hopped . | . . . . Cave-ins Triggered . | . . . . Exploration Rate (%) 46 | 6 77 21 82 Regions Visited 3 Branch Regions 2 Pre-discovered Areas . | . . . . Known Exits Taken . | . . . . Unknown Exits Taken 3 | 1 1 1 . Scrap Searched 2 | . . 2 . Spaces Dug . | . . . . Terrain Destroyed 65 | . 37 28 . Melee . | . . . . Projectile . | . . . . AOE 65 | . 37 28 . Terrain Rammed . | . . . . Walls Destroyed . | . . . . Machines Disabled . | . . . . Actions | -11 -10 -10 -10 --------- Run | Yrd Mat Min Exi Total 1163 | 125 443 145 450 Wait 30 | . 28 2 . Move 1030 | 105 385 98 442 Hop . | . . . . Pick Up 18 | 2 8 4 4 Fast Attach 11 | 6 3 2 . Attach 7 | . 1 5 1 Detach 1 | . . 1 . Swap 6 | . 1 3 2 Drop 5 | . 4 . 1 Fire 41 | 12 13 16 . Melee 14 | . . 14 . Ram . | . . . . Kick . | . . . . Crush . | . . . . Escape Stasis . | . . . . Rewire . | . . . . Trap . | . . . . Miscellaneous . | . . . . Route ------- -11/Scrapyard -10/Materials (discovered 3 exits: [*Mat x2] / [*Min]) -10/Mines (discovered 2 exits: [*Mat] / *Exi) -10/Exiles (discovered 1 exit: [*Min]) History --------- Turn | Location | Event 12 | -11/Scrapyard | Discovered new exit (range 16) 132 | -11/Scrapyard | Entered Materials 234 | -10/Materials | Discovered new exit (range 10) 307 | -10/Materials | Build established: Mutant 325 | -10/Materials | Discovered new exit (range 7) 458 | -10/Materials | Discovered new exit (range 11) 612 | -10/Materials | Entered Mines 712 | -10/Mines | Discovered new exit (range 12) 845 | -10/Mines | Deemed a non-threat by the Exiles lab entrance 846 | -10/Mines | Discovered new exit (range 5) 859 | -10/Mines | Entered Exiles 901 | -10/Exiles | Discovered new exit (range 14) 939 | -10/Exiles | Met 8R-AWN 967 | -10/Exiles | Met EX-HEX 1056 | -10/Exiles | Met EX-DEC 1087 | -10/Exiles | Visited The Gauntlet 1347 | -10/Exiles | Met EX-BIN 1376 | -10/Exiles | Aligned with FarCom system 1377 | -10/Exiles | Given EX-Vault access code 1443 | -10/Exiles | Opened EX-Vault 1452 | -10/Exiles | Found Prototype Storage 1457 | -10/Exiles | Found Prototype Slashing Weapon 1463 | -10/Exiles | Found Prototype Energy Cannon 1494 | -10/Exiles | Identified Longsword +1 1502 | -10/Exiles | Warned to stay clear of 0b10 Research branches 1546 | -10/Exiles | Attacked by the Exiles 1563 | -10/Exiles | Core integrity fell below 50% 1575 | -10/Exiles | Core integrity fell below 20% 1576 | -10/Exiles | Destroyed by 8R-AWN with 8R-AWN's Boregun Last Messages --------------- 01568_ Critical hit (Destroy). 01568_ Lgt. Treads destroyed. 01568_ HV Slug penetrates Wall. 01568_ Penetrated by HV Slug. 01568_ Lgt. Assault Rifle destroyed. 01568_ HV Slug penetrates Wall. 01568_ Lgt. Assault Rifle destroyed. 01571_ Penetrated by HV Slug. 01571_ Critical hit (Destroy). 01571_ Lgt. Treads destroyed. 01571_ HV Slug penetrates Wall. 01571_ Penetrated by HV Slug. 01571_ HV Slug penetrates Wall. 01573_ Penetrated by HV Slug. 01573_ HV Slug penetrates Wall. 01573_ Penetrated by HV Slug. 01573_ HV Slug penetrates Wall. 01576_ Penetrated by HV Slug. 01576_ HV Slug penetrates Wall. 01576_ Penetrated by HV Slug. Map ----- +----------------------------------------------------+ | """#??????????????????????????????????????????? | | """#??????????????????????????????????????????? | | """#??????????????????????????????????????????? | | """##?????????????????????????????????????????? | | """""?????????????????????????????????????????? | | """##?????????????????????????????????????????? | | X" """""?????????????????????????????????????????? | | "" # ?????????????????????????????????????????? | | """"""#??????????????????????????????????????????? | | #######??????????????????????????????????????????? | | ?????????????????????????????????????????????????? | | ????????????????????????????????????????????????## | | ????????????????????????????????????????????????# | | ??###########???????????????????????????????????# | | ###"""""""""##??????????????????????????????????# | | " """ """"##????????????????????????????????## | | " " #???????????????????????????????## | | """#???????????????????????????????# | | " "#???????????#####???????????????# | | " "##?????????##" #??????????????## | | "###???????#" #?????????????## | | """#??????##" ###???????????# | | % "#????### ;##????????### | | ##???# #;######## | | " ##?## #""""## # | | "" ### a @ * # | | g aa ;# * | | " #### | | ""#?#"""""#### | | a #"""##?#######??#### * | | ######??????????????##### | | a "#???????????????????????### | | " ###?????????????????????????### | | "" ""#?????????????????????????????## | | " " ""#" "##??????????????????????????????# | | """ """##" """""##???????????????????????????????# | | ##""""###########????????????????????????????????? | | ?######??????????????????????????????????????????? | | ?????????????????????????????????????????????????? | | ?????????????????????????????????????????????????? | | ?????????????????????????????????????????????????? | | ?????????????????????????????????????????????????? | | ?????????????????????????????????????????????????? | | ?????????????????????????????????????????????????? | | ?????????????????????????????????????????????????? | | ?????????????????????????????????????????????????? | | ?????????????????????????????????????????????????? | | ?????????????????????????????????????????????????? | | ?????????????????????????????????????????????????? | | ?????????????????????????????????????????????????? | +----------------------------------------------------+ Best States ------------- Heat Dissipation 25 Energy Generation 14 Energy Capacity 250 Matter Stores 300 Matter Capacity 300 Sight Range 16 Terrain Scan Density 10 Armor Coverage 150 Evasion (%) 44 Recoil Reduction 2 Item Schematics ----------------- None Robot Schematics ------------------ None Fabricated ------------ Nothing Alien Tech Used ----------------- None Achievements -------------- None Challenges ------------ None Game ------ Seed ExoskeletonDecoderHammer Manual? 0 Play Time 00:15:16 Cumulative 14.1 hours Start 2024.04.17 @ 21:43:21 End 2024.04.17 @ 21:55:28 Sessions 1 Manual Loads 0 Difficulty Rogue Special Mode None Game No. 17 Rogue 17 Adventurer 0 Explorer 0 Win Type - Total 0 Types 0/0/0/0/0/0/0/0/0 Lore% 20 Gallery% 22 Achievement% 21 Wizard Run 0 Options --------- Layout 0 ASCII 0 Keyboard 0 Movement Numpad Keybinds 0 Fullscreen 2 Font 18/X11 Map View 38x25 Zoom Use 94% Tactical HUD 1 Map Filters NONE Filters NONE Steam 1 RUN: 22d7d720-ad4c-4455-8059-99b3a8ec5bdc